 Dungeon Crawl Stone Soup version 0.32-a0-842-gbbb8fdb (webtiles) character file.

Game seed: 8483983180316895319

1416063 Wizard1ke the Gnoll Mishap (level 27, 244/244 HPs)
             Began as a Gnoll Ice Elementalist on Mar 26, 2024.
             Was an Initiate of Qazlal.
             Escaped with the Orb
             ... and 3 runes!
             The game lasted 03:59:58 (103300 turns).

Wizard1ke the Gnoll Mishap (GnIE)                 Turns: 103300, Time: 03:59:58

Health: 244/244    AC: 28    Str: 13    XL:     27
Magic:  26/47      EV: 17    Int: 35    God:    Qazlal [......]
Gold:   2598       SH: 23    Dex: 12    Spells: 13/66 levels left

rFire   + + +        S - staff of cold
rCold   + + +        x - +5 kite shield
rNeg    . . .        N - +7 swamp dragon scales
rPois   +            z - +3 hat of the Comet {^Contam Will+ Str+4 Int+2}
rElec   +            g - scarf {rC+ rF+}
rCorr   .            M - +2 pair of gloves
SInv    .            f - +0 pair of boots of Unreason {rElec Will+ Regen+}
Will    ++++.        b - amulet "Aclucege" {Harm rElec rF+ Regen+ Str-4}
Stlth   ++           r - ring of Beclehio {Fly rF+ rC+ Str+3}
HPRegen 2.20/turn    i - ring of Fihaimef {rElec Int+6}
MPRegen 0.30/turn

%: harm (+30% outgoing, +20% incoming)
@: flying
A: fangs 1, strong nose, distributed training, hooves 1, large bone plates 1,
robust 1, persistent drain
0: Orb of Zot
}: 3/15 runes: serpentine, barnacled, silver
a: Renounce Religion


You escaped.
You worshipped Qazlal.
Qazlal was noncommittal.
You visited 10 branches of the dungeon, and saw 48 of its levels.
You also visited: Trove, Gauntlet, Ice Cave and Desolation.

You collected 7560 gold pieces.
You spent 4962 gold pieces at shops.

Inventory:

Hand Weapons
 c - the +10 trident of Xom, Leaping {flame, rN+ Int+5}
   (You found it on level 1 of the Vaults)

   Int+5:     It affects your intelligence (+5).
   rN+:       It protects you from negative energy.
Missiles
 A - 12 throwing nets
 D - 8 silver javelins
 Z - 10 curare-tipped darts
Armour
 f - the +0 pair of boots of Unreason (worn) {rElec Will+ Regen+}
   (You found it on level 3 of the Elven Halls)

   rElec:     It insulates you from electricity.
   Will+:     It increases your willpower.
   Regen+:    It increases your rate of health regeneration.
 g - a scarf of resistance (worn)
 v - a +2 cloak
 x - a +5 kite shield (worn)
 z - the +3 hat of the Comet (worn) {^Contam Will+ Str+4 Int+2}
   (You found it in a Gauntlet)

   Str+4:     It affects your strength (+4).
   Int+2:     It affects your intelligence (+2).
   Will+:     It increases your willpower.
   ^Contam:   It causes magical contamination when unequipped.
 M - a +2 pair of gloves (worn)
 N - +7 swamp dragon scales (worn)
Magical Staves
 S - a staff of cold (weapon)
Jewellery
 a - the ring "Qoitwaroce" {Fly rF+ rC+}
   (You found it on level 11 of the Dungeon)

   [ring of flight]

   rF+:       It protects you from fire.
   rC+:       It protects you from cold.
   Fly:       It grants you flight.
 b - the amulet "Aclucege" (around neck) {Harm rElec rF+ Regen+ Str-4}
   (You took it off a deep elf high priest on level 5 of the Vaults)

   [amulet of regeneration]

   Str-4:     It affects your strength (-4).
   rF+:       It protects you from fire.
   rElec:     It insulates you from electricity.
   Regen+:    It increases your rate of health regeneration.
   Harm:      It increases damage dealt and taken.
 i - the ring of Fihaimef (right hand) {rElec Int+6}
   (You bought it in a shop on level 1 of the Orcish Mines)

   [ring of intelligence]

   Int+6:     It affects your intelligence (+6).
   rElec:     It insulates you from electricity.
 l - an amulet of faith
 r - the ring of Beclehio (left hand) {Fly rF+ rC+ Str+3}
   (You took it off a vault guard on level 5 of the Vaults)

   [ring of protection from fire]

   Str+3:     It affects your strength (+3).
   rF+:       It protects you from fire.
   rC+:       It protects you from cold.
   Fly:       It grants you flight.
 t - a ring of resist corrosion
 G - the ring "Gaohacwe" {rC+ Str+6 Int+3}
   (You took it off a merfolk on level 4 of the Shoals)

   [ring of strength]

   Str+6:     It affects your strength (+6).
   Int+3:     It affects your intelligence (+3).
   rC+:       It protects you from cold.
Wands
 j - a wand of polymorph (28)
 w - a wand of roots (64)
 K - a wand of digging (14)
 P - a wand of paralysis (22)
 T - a wand of acid (42)
 W - a wand of mindburst (27)
Scrolls
 e - 2 scrolls of revelation
 m - 11 scrolls of poison
 n - 8 scrolls of fear
 o - 2 scrolls of torment
 y - 8 scrolls of butterflies
 J - 7 scrolls of fog
 O - 5 scrolls of immolation
 R - 14 scrolls of blinking
 U - 13 scrolls of teleportation
 V - 4 scrolls of silence {!r}
 X - 5 scrolls of vulnerability
Potions
 d - 34 potions of curing
 h - 2 potions of berserk rage {!q}
 p - 8 potions of invisibility
 q - 12 potions of brilliance
 s - 8 potions of enlightenment
 u - a potion of lignification
 B - 5 potions of magic
 C - 11 potions of heal wounds
 E - a potion of ambrosia
 F - 4 potions of resistance
 I - 6 potions of attraction
 L - 5 potions of haste
 Q - 8 potions of mutation
 Y - 3 potions of cancellation
Miscellaneous
 k - a phial of floods
 H - a box of beasts


   Skills:
 + Level 19.4 Fighting
 + Level 19.4 Short Blades
 + Level 19.4 Long Blades
 + Level 19.4 Axes
 + Level 19.4 Maces & Flails
 + Level 19.4 Polearms
 + Level 19.4 Staves
 + Level 19.4 Ranged Weapons
 + Level 19.4 Throwing
 + Level 19.4 Armour
 + Level 19.9 Dodging
 + Level 19.8 Stealth
 + Level 19.4 Shields
 + Level 19.4 Unarmed Combat
 + Level 20.0 Spellcasting
 + Level 16.6 Conjurations
 + Level 16.6 Hexes
 + Level 16.6 Summonings
 + Level 16.6 Necromancy
 + Level 16.6 Translocations
 + Level 16.6 Fire Magic
 + Level 17.9 Ice Magic
 + Level 16.6 Air Magic
 + Level 16.6 Earth Magic
 + Level 16.6 Alchemy
 + Level 21.0 Invocations
 + Level 19.4 Evocations
 + Level 18.0 Shapeshifting


You had 13 spell levels left.
You knew the following spells:

 Your Spells              Type           Power      Damage    Failure   Level
a - Bombard               Conj/Erth      50%        9d8       1%          6
b - Permafrost Eruption   Ice/Erth       62%        2x4d17    1%          6
c - Spellforged Servitor  Conj/Summ      50%        N/A       1%          7
d - Apportation           Tloc           100%       N/A       0%          1
e - Dispersal             Tloc           50%        N/A       1%          6
f - Ozocubu's Refrigerat  Ice            63%        4d21      1%          7
g - Irradiate             Conj/Alch      50%        3d28      1%          5
h - Freezing Cloud        Conj/Ice/Air   62%        6-21      1%          5
i - Yara's Violent Unrav  Hex/Alch       50%        3d19      1%          5
j - Blink                 Tloc           100%       N/A       0%          2
k - Swiftness             Air            100%       N/A       0%          3

Your spell library contained the following spells:

 Spells                   Type           Power      Damage    Failure   Level
 Foxfire                  Conj/Fire      100%       2x1d9     0%          1
 Freeze                   Ice            100%       1d10      0%          1
 Kiss of Death            Conj/Necr      100%       2d13      0%          1
 Magic Dart               Conj           100%       1d8       0%          1
 Necrotise                Necr           100%       1d9       0%          1
 Sandblast                Erth           100%       2d20      0%          1
 Shock                    Conj/Air       100%       1d9       0%          1
 Slow                     Hex            100%       N/A       0%          1
 Summon Small Mammal      Summ           100%       N/A       0%          1
 Call Imp                 Summ           100%       N/A       0%          2
 Cigotuvi's Dreadful Rot  Necr/Alch/Air  100%       N/A       0%          2
 Ensorcelled Hibernation  Hex/Ice        100%       N/A       0%          2
 Jinxbite                 Hex            100%       N/A       0%          2
 Lesser Beckoning         Tloc           100%       N/A       0%          2
 Mercury Vapours          Alch/Air       100%       N/A       0%          2
 Momentum Strike          Conj/Tloc      100%       3d10      0%          2
 Scorch                   Fire           100%       2d9       0%          2
 Searing Ray              Conj           100%       2d8       0%          2
 Static Discharge         Conj/Air       100%       3-8/arc   0%          2
 Call Canine Familiar     Summ           100%       N/A       0%          3
 Confusing Touch          Hex            100%       N/A       0%          3
 Dazzling Flash           Conj/Hex       100%       N/A       0%          3
 Frozen Ramparts          Ice            100%       1d16      0%          3
 Fugue of the Fallen      Necr           100%       N/A       0%          3
 Gell's Gravitas          Tloc           100%       N/A       0%          3
 Hailstorm                Conj/Ice       100%       3d16      0%          3
 Inner Flame              Hex/Fire       100%       N/A       0%          3
 Mephitic Cloud           Conj/Alch/Air  100%       N/A       0%          3
 Ozocubu's Armour         Ice            100%       N/A       0%          3
 Passwall                 Erth           100%       N/A       0%          3
 Sigil of Binding         Hex            100%       N/A       0%          3
 Stone Arrow              Conj/Erth      100%       3d13      0%          3
 Summon Ice Beast         Ice/Summ       100%       N/A       0%          3
 Teleport Other           Tloc           100%       N/A       0%          3
 Tukima's Dance           Hex            100%       N/A       0%          3
 Vampiric Draining        Necr           100%       2d13      0%          3
 Volatile Blastmotes      Fire/Tloc      100%       2d18      0%          3
 Airstrike                Air            50%        2d(8-24)  1%          4
 Anguish                  Hex/Necr       50%        N/A       1%          4
 Animate Armour           Summ/Erth      100%       N/A       1%          4
 Animate Dead             Necr           100%       N/A       1%          4
 Brom's Barrelling Bould  Conj/Erth      100%       2d11      1%          4
 Cause Fear               Hex            50%        N/A       1%          4
 Dimensional Bullseye     Hex/Tloc       50%        N/A       1%          4
 Dispel Undead            Necr           100%       3d31      1%          4
 Flame Wave               Conj/Fire      100%       2d21      1%          4
 Fulminant Prism          Conj/Alch      50%        3d23      1%          4
 Ignite Poison            Fire/Alch      100%       N/A       1%          4
 Iskenderun's Mystic Bla  Conj/Tloc      100%       2d19      1%          4
 Leda's Liquefaction      Alch/Erth      50%        N/A       1%          4
 Manifold Assault         Tloc           100%       N/A       1%          4
 Martyr's Knell           Necr/Summ      100%       N/A       1%          4
 Olgreb's Toxic Radiance  Alch           100%       N/A       1%          4
 Passage of Golubria      Tloc           100%       N/A       1%          4
 Petrify                  Alch/Erth      100%       N/A       1%          4
 Sticky Flame             Fire/Alch      100%       2d15      1%          4
 Summon Blazeheart Golem  Fire/Summ      100%       N/A       1%          4
 Summon Lightning Spire   Summ/Air       100%       N/A       1%          4
 Vhi's Electric Charge    Tloc/Air       100%       N/A       1%          4
 Alistair's Intoxication  Alch           66%        N/A       1%          5
 Arcjolt                  Conj/Air       50%        1d60      1%          5
 Borgnjor's Vile Clutch   Necr/Erth      50%        N/A       1%          5
 Curse of Agony           Necr           100%       N/A       1%          5
 Fireball                 Conj/Fire      50%        3d20      1%          5
 Iskenderun's Battlesphe  Conj           100%       2d15      1%          5
 Lee's Rapid Deconstruct  Erth           50%        3d24*     1%          5
 Metabolic Englaciation   Hex/Ice        62%        N/A       1%          5
 Silence                  Hex/Air        50%        N/A       1%          5
 Summon Forest            Summ/Tloc      50%        N/A       1%          5
 Summon Mana Viper        Hex/Summ       100%       N/A       1%          5
 Conjure Ball Lightning   Conj/Air       50%        3x3d17    1%          6
 Death Channel            Necr           50%        N/A       1%          6
 Eringya's Noxious Bog    Alch           50%        4d6       1%          6
 Plasma Beam              Fire/Air       50%        2x1d65    1%          6
 Sculpt Simulacrum        Ice/Alch       62%        N/A       1%          6
 Starburst                Conj/Fire      50%        6d14      1%          6
 Summon Cactus Giant      Summ           50%        N/A       1%          6
 Enfeeble                 Hex            50%        N/A       1%          7
 Haunt                    Necr/Summ      50%        N/A       1%          7
 Malign Gateway           Summ/Tloc      50%        N/A       1%          7
 Monstrous Menagerie      Summ           50%        N/A       1%          7
 Orb of Destruction       Conj           50%        9d13      1%          7
 Summon Hydra             Summ           50%        N/A       1%          7
 Borgnjor's Revivificati  Necr           50%        N/A       14%         8
 Discord                  Hex            50%        N/A       14%         8
 Ignition                 Fire           50%        3d14      14%         8
 Infestation              Necr           50%        N/A       14%         8
 Lehudib's Crystal Spear  Conj/Erth      50%        10d12     14%         8
 Maxwell's Capacitive Co  Air            50%        ∞         14%         8
 Summon Horrible Things   Summ           50%        N/A       14%         8
 Polar Vortex             Ice            63%        12d8*     80%         9
 Chain Lightning          Conj/Air       50%        3d66      92%         9
 Death's Door             Necr           50%        N/A       92%         9
 Dragon's Call            Summ           50%        N/A       92%         9
 Shatter                  Erth           50%        3d38*     92%         9


Dungeon Overview and Level Annotations

Branches:
Dungeon (15/15)            Temple (1/1) D:4            Lair (5/5) D:8
 Shoals (4/4) Lair:3        Snake (4/4) Lair:2        Slime (0/5) Lair:4
    Orc (2/2) D:12            Elf (3/3) Orc:2        Vaults (5/5) D:13
  Crypt (0/3) Vaults:3     Depths (4/4) D:15            Zot (5/5) Depths:4
  IceCv (visited)         Desolation (visited)      Gauntlet (visited)

Altars:
Ashenzari
Cheibriados
Dithmenos
Elyvilon
Fedhas
Gozag
Hepliaklqana
Kikubaaqudgha
Makhleb
Nemelex Xobeh
Okawaru
Qazlal
Ru
Sif Muna
Trog
Uskayaw
Vehumet
Wu Jian
Xom
Yredelemnul
Zin
The Shining One
Jiyva
Lugonu

Shops:
D:2 !*   Orc:1 =   Orc:2 *([   Elf:2 [!:[   Elf:3 =!   Shoals:2 **
Snake:2 :*!   Vaults:2 ?   Vaults:3 [   Vaults:4 ?   Depths:2 *?[
Depths:4 =:=?*

Portals:
Hell: Depths:1 Depths:2 Depths:3 Depths:4
Abyss: Lair:5 Depths:3 Depths:4
Pandemonium: Depths:2
Ziggurat: Depths:4

Annotations:
D:15 3 runed translucent doors, exclusion: 3 doors, Ytoxtayn's ghost, adept CoBe
Lair:4 3 runed translucent doors, exclusion: 3 doors, Deteph's ghost, journeyman NaSu; ooops's ghost, journeyman CoGl
Vaults:5 !vaults warning
Depths:3 1 runed translucent door, exclusion: door, Vyimam's ghost, adept TrGl
Zot:1 2 transporters, Oqust's ghost, legendary GnCK
Zot:2 3 runed translucent doors, exclusions: 3 doors and obsidian statue, Hoatu's ghost, master TrFi


Innate Abilities, Weirdness & Mutations

You have very sharp teeth.
Your uncanny sense of smell can sniff out nearby items.
Your experience applies equally to all skills.
You have large cloven feet.
You are partially covered in large bone plates. (SH +4)
You are robust. (+10% HP)
Your health recovers twice as slowly from being drained.


Message History

The ball lightning explodes!
The blast of lightning engulfs you! You resist.
Casting: Permafrost Eruption (mildly dangerous; 1% risk of failure)
Press: ? - help, Q - select action, (/) - cycle Dir - look around, f - activate You feel a surge of power!
Bitter cold erupts, blasting rock from the ceiling!
The mass of rock hits something!!
Qazlal accepts your kill.
You feel a bit more experienced.
Piercing cold boils outward!
(D) Dungeon (T) Temple (L) Lair (A) Shoals (P) Snake Pit (M) Slime Pits (O) Orcish Mines (E) Elven Halls (V) Vaults (C) Crypt (U) Depths (H) Hell (Z) Zot
Where to? (Tab/Enter - D:1 @ (x,y), ? - help)
A chaos spawn comes into view.
Casting: Permafrost Eruption (mildly dangerous; 1% risk of failure)
Press: ? - help, Q - select action, (/) - cycle Dir - look around, f - activate You feel a surge of power!
Bitter cold erupts, blasting rock from the ceiling!
The mass of rock hits the chaos spawn!!!
You kill the chaos spawn!
Qazlal accepts your kill.
The chaos spawn degenerates into a cloud of primal chaos!
Piercing cold boils outward!
(D) Dungeon (T) Temple (L) Lair (A) Shoals (P) Snake Pit (M) Slime Pits (O) Orcish Mines (E) Elven Halls (V) Vaults (C) Crypt (U) Depths (H) Hell (Z) Zot
Where to? (Tab/Enter - D:1 @ (x,y), ? - help)
There is a stone staircase leading up here.
You fly upwards.
There is a stone staircase leading down here.
HP restored.
Things that are here:
a +0 club; a +0 club You see here a rat skeleton.
You see here a kobold skeleton.
You see here a rat skeleton.
There is a staircase leading out of the dungeon here.
You have escaped!

####...# #.##P~~# #..# #≈
#.### #~PP##.# ##.## ## #.#
#P~P##.# #..### #
#.#####~~P...# ##...###
#...~P~#####.# ###....
#.##~PP# #.# #########....
#.##P~P# ###.###............
#P~P##.# #...#...########...
#~~P##.###.@.#.>..# ###.
#~P~.........#..#.## #.
##############..#..#########
#..# #...###.......... #.##
#...############# #.#
#........#....... ####.###
#...####......... #......#
##########....... #......#
#####......(........


There were no monsters in sight!

Vanquished Creatures
  3 orbs of fire
  5 ancient liches
  5 dread liches (Zot:5)
  A juggernaut (Depths:3)
  Mennas (Vaults:3)
  Bai Suzhen (Vaults:4)
  Vv (Zot:2)
  A caustic shrike (Depths:2)
  A pandemonium lord (D:2)
  2 Killer Klowns (Zot:5)
  3 curse toes
  17 golden dragons
  Nikola (Vaults:2)
  Norris (Elf:2)
  3 Brimstone Fiends
  3 electric golems
  Rupert (Lair:4)
  Mlioglotl (Shoals:3)
  A walking crystal tome (Depths:3)
  19 tentacled monstrosities
  27 Orb Guardians
  4 titans
  A walking earthen tome (Depths:3)
  2 Ice Fiends
  2 liches
  A walking divine tome (Depths:3)
  5 quicksilver dragons
  2 walking frostbound tomes (Depths:3)
  2 Executioners
  2 deep elf blademasters (Elf:3)
  2 deep elf master archers (Elf:3)
  5 sphinxes
  8 death cobs
  2 krakens
  An ancient champion (Depths:1)
  17 storm dragons
  5 tengu reavers
  9 shadow dragons
  Aizul (Snake:3)
  10 protean progenitors
  12 frost giants
  A demonspawn warmonger (Zot:1)
  8 nagarajas
  6 draconian monks
  7 draconian scorchers
  10 draconian knights
  13 fire giants
  An imperial myrmidon (Desolation)
  3 deep elf elementalists (Elf:3)
  7 deep elf sorcerers
  2 iron dragons
  4 draconian shifters
  3 ghost moths
  16 vault wardens
  2 draconian stormcallers
  A juggernaut zombie (Depths:2)
  2 reapers
  8 draconian annihilators
  12 ironbound preservers
  7 very ugly things
  3 vampire knights (Depths:2)
  17 stone giants
  8 black draconians
  5 ironbound thunderhulks
  9 green draconians
  2 formless jellyfish
  6 deep elf demonologists
  5 deep elf death magi
  7 war gargoyles
  15 white draconians
  9 yellow draconians
  18 spark wasps
  20 dire elephants
  10 purple draconians
  9 deep elf annihilators
  6 red draconians
  A demonspawn black sun (Zot:1)
  3 lorocyprocas
  A minotaur (Gauntlet)
  4 halazid warlocks (Desolation)
  12 ettins
  3 merfolk javelineers (Shoals:4)
  A green death (Gauntlet)
  9 fire dragons
  2 crystal guardians
  11 merfolk impalers
  14 yaktaur captains
  8 deep elf high priests
  The ghost of Dicinne the Unseen, a journeyman VSEE of Uskayaw (D:14)
  An entropy weaver (Vaults:4)
  A hell beast (Depths:1)
  8 ragged hierophants (Desolation)
  6 rakshasas
  29 vault guards
  6 great orbs of eyes
  4 salamander tyrants
  7 servants of whispers (Desolation)
  6 ice dragons
  5 hydras
  6 boulder beetles
  11 peacekeepers
  9 anacondas
  2 spriggan air magi (Depths:2)
  A spriggan skeleton (Depths:1)
  A merfolk aquamancer (Shoals:4)
  A two-headed ogre (shapeshifter) (Vaults:5)
  2 jorogumos (Zot:3)
  7 ironbound frosthearts
  An alligator (shapeshifter) (D:15)
  34 dancing weapons
  6 centaur warriors
  11 deep troll earth magi
  19 two-headed ogres
  6 ogre magi
  A vampire mage (Depths:2)
  2 death knights (Vaults:3)
  Urug (Lair:4)
  4 spriggan berserkers
  9 deep troll shamans
  11 naga warriors
  3 satyrs
  2 tengu warriors
  7 shock serpents
  2 death yaks (Lair:4)
  3 thrashing horrors (Lair:5)
  2 titan zombies
  An orc high priest (Orc:2)
  An occultist (Depths:3)
  2 soul eaters
  18 hell knights
  19 naga sharpshooters
  5 skysharks
  25 deep elf knights
  3 shadow wraiths
  A salamander mystic (Snake:3)
  5 skeletal warriors
  A golden dragon zombie (Depths:2)
  A shadow demon (Depths:1)
  10 iron trolls
  2 naga ritualists
  A spectral spark wasp (Depths:1)
  8 glowing orange brains
  48 deep trolls
  A quicksilver dragon simulacrum (Depths:1)
  5 mana vipers
  12 spriggan simulacra
  An orb spider (shapeshifter) (Vaults:2)
  A mana viper (shapeshifter) (Depths:3)
  18 deep elf archers
  A glowing orange brain (shapeshifter) (Vaults:2)
  A harpy (shapeshifter) (Lair:5)
  10 arcanists
  9 sea snakes
  A lindwurm (shapeshifter) (D:15)
  A flayed ghost (Depths:3)
  6 lindwurms
  4 orc knights
  5 thermic dynamos
  A bog body (IceCv)
  23 ironbound convokers
  6 phantasmal warriors
  A steelbarb worm (shapeshifter) (Vaults:1)
  Pikel (D:4)
  16 harpies
  41 deep elf zephyrmancers
  13 necromancers
  A fire giant zombie (Depths:2)
  32 deep elf pyromancers
  2 obsidian bats
  9 salamanders
  Maurice (D:8)
  9 cyclopes
  3 shining eyes (Zot:3)
  46 ugly things
  18 manticores
  An orc sorcerer (D:11)
  19 moths of wrath
  24 fauns
  3 meliai (D:13)
  A stone giant skeleton (Depths:2)
  8 merfolk sirens
  A toenail golem (D:6)
  7 elephants
  16 naga magi
  An apocalypse crab (Gauntlet)
  6 water nymphs
  A black mamba (shapeshifter) (Depths:3)
  27 black mambas
  13 guardian serpents
  A rust devil (Zot:1)
  A smoke demon (Depths:2)
  A fire giant skeleton (Depths:1)
  24 vault sentinels
  8 cane toads
  A torpor snail (Lair:1)
  A molten gargoyle (Desolation)
  Maggie (D:7)
  A rime drake (Lair:1)
  2 freezing wraiths
  A tormentor (D:7)
  3 orange demons
  4 kobold demonologists (D:11)
  A minotaur zombie (Gauntlet)
  5 komodo dragons
  36 yaktaurs
  5 ice devils
  2 tengu conjurers
  An anaconda simulacrum (IceCv)
  A komodo dragon (shapeshifter) (Vaults:2)
  2 red devils
  A merfolk (shapeshifter) (Vaults:5)
  3 golden dragon simulacra
  36 merfolk
  7 trolls
  A tarantella (Vaults:4)
  Grinder (D:4)
  8 wind drakes
  2 alligator simulacra (IceCv)
  A queen bee (shapeshifter) (D:13)
  2 polar bears (Lair:3)
  3 hornets
  A snapping turtle (shapeshifter) (Vaults:5)
  A spriggan zombie (Depths:1)
  2 raiju (shapeshifter)
  A dream sheep (shapeshifter) (Vaults:2)
  48 saltlings (Desolation)
  23 blink frogs
  21 dream sheep
  A raiju (Lair:5)
  19 snapping turtles
  A glass eye (Depths:2)
  2 ettin skeletons (Depths:1)
  3 dire elephant simulacra (IceCv)
  A jumping spider (shapeshifter) (Elf:2)
  Sigmund (D:2)
  A shadow (D:11)
  28 slime creatures
  A vampire (D:11)
  3 air elementals
  2 centaur simulacra
  A spriggan (Lair:5)
  7 water elementals
  A basilisk (shapeshifter) (Lair:5)
  5 wyverns
  2 ynoxinuls
  39 yaks
  3 basilisks
  4 golden eyes (Depths:3)
  3 wargs
  2 fire elementals
  4 humans (Zot:3)
  2 steam dragons
  A redback (Vaults:4)
  4 vampire mosquitoes
  2 chaos spawn
  12 minotaur simulacra (IceCv)
  A glowing shapeshifter zombie (Depths:1)
  41 nagas
  2 acid dragons
  A swamp worm (shapeshifter) (Vaults:2)
  A two-headed ogre zombie (D:12)
  A hydra simulacrum (IceCv)
  12 water moccasins
  20 orc warriors
  An ice beast (D:5)
  A sky beast (D:8)
  2 black bears
  10 small abominations (Lair:5)
  27 ogres
  9 wolves (Lair:3)
  A boggart (Vaults:2)
  11 centaurs
  2 lemures (D:4)
  3 kobold brigands
  6 bullfrogs
  9 deep troll simulacra (IceCv)
  A gnoll sergeant (D:11)
  A scorpion (D:4)
  A tengu simulacrum (Depths:1)
  4 wights
  6 killer bees (D:9)
  A lindwurm simulacrum (IceCv)
  3 troll zombies (D:12)
  2 howler monkeys
  4 electric eels (Snake:1)
  A crimson imp (Orc:2)
  A hound (shapeshifter) (Depths:3)
  3 bombardier beetles
  17 orc priests
  7 hounds
  11 jellies (Lair:4)
  3 gnoll boudas
  Ijyb (D:4)
  7 iguanas
  19 orc wizards
  3 ogre zombies (D:12)
  25 gnolls
  4 adders
  A shadow imp (Orc:2)
  An ufetubus (D:6)
  A ribbon worm (D:2)
  3 dart slugs
  73 orcs
  10 endoplasms
  6 giant cockroaches
  7 gnoll zombies (D:12)
  11 goblins
  7 hobgoblins
  3 jackals
  6 quokkas
  7 ball pythons
  6 bats
  2 frilled lizards
  3 gnoll skeletons (D:12)
  22 kobolds
  An orc skeleton (D:12)
  13 orc zombies (D:12)
  7 rats
  7 aspiring fleshes
  4 tentacles
2244 creatures vanquished.

Vanquished Creatures (collateral kills)
  An Orb Guardian (Zot:5)
  A catoblepas (D:11)
  2 boulder beetles
  A two-headed ogre (D:9)
  A death yak (Lair:5)
  A thrashing horror (Lair:5)
  2 skysharks (Lair:5)
  A skeletal warrior (D:11)
  A deep elf zephyrmancer (D:11)
  A deep elf pyromancer (D:15)
  3 ugly things
  2 elephants (Lair:5)
  2 gargoyles (D:11)
  A smoke demon (Lair:5)
  A large abomination (Lair:5)
  A minotaur zombie (Gauntlet)
  A komodo dragon (Lair:2)
  A troll (D:11)
  A polar bear (Lair:5)
  10 blink frogs
  2 dream sheep (Lair:5)
  A slime creature (D:9)
  5 wraiths
  A spriggan (Lair:5)
  A wyvern (Lair:2)
  A ynoxinul (Lair:5)
  4 basilisks
  5 yaks
  2 vampire mosquitoes (D:12)
  A water moccasin (Lair:5)
  An ice beast (D:7)
  A black bear (D:8)
  3 centaurs
  A phantom (D:6)
  A kobold brigand (D:10)
  3 bullfrogs
  A gnoll sergeant (D:11)
  2 small abominations (Lair:5)
  2 wights
  4 howler monkeys
  Crazy Yiuf (D:6)
  An iron imp (Orc:2)
  A jelly (D:8)
  2 iguanas
  A nameless horror (D:9)
  An ogre zombie (D:12)
  A white imp (Orc:2)
  An ufetubus (D:6)
  6 orcs
  A gnoll skeleton (D:12)
  2 kobolds (D:10)
95 creatures vanquished.

Vanquished Creatures (others)
  A deep elf elementalist (Elf:3)
  An air elemental (Elf:1)
  3 ball lightnings (D:2)
  8 tentacles
13 creatures vanquished.

Grand Total: 2352 creatures vanquished

Notes
Turn   | Place    | Note
-------+----------+-------------------------------------------
     0 | D:1      | Wizard1ke the Gnoll Ice Elementalist began the quest for
                  | the Orb.
     0 | D:1      | Reached XP level 1. HP: 13/13 MP: 6/6
   155 | D:1      | Reached XP level 2. HP: 19/19 MP: 2/7
   515 | D:1      | Reached skill level 5 in Spellcasting
   515 | D:1      | Reached XP level 3. HP: 25/25 MP: 5/9
   519 | D:1      | Learned a level 3 spell: Frozen Ramparts
   523 | D:1      | Learned a level 3 spell: Ozocubu's Armour
   700 | D:1      | Reached skill level 1 in Invocations
  1406 | D:2      | Reached skill level 1 in Fighting
  1406 | D:2      | Reached skill level 1 in Short Blades
  1406 | D:2      | Reached skill level 1 in Long Blades
  1406 | D:2      | Reached skill level 1 in Axes
  1406 | D:2      | Reached skill level 1 in Maces & Flails
  1406 | D:2      | Reached skill level 1 in Polearms
  1406 | D:2      | Reached skill level 1 in Staves
  1406 | D:2      | Reached skill level 1 in Ranged Weapons
  1406 | D:2      | Reached skill level 1 in Throwing
  1406 | D:2      | Reached skill level 1 in Armour
  1406 | D:2      | Reached skill level 1 in Shields
  1406 | D:2      | Reached skill level 1 in Unarmed Combat
  1406 | D:2      | Reached skill level 1 in Evocations
  1750 | D:2      | Got the Verses on Bound Nightshade
  1775 | D:2      | Reached skill level 1 in Shapeshifting
  1775 | D:2      | Reached XP level 4. HP: 28/32 MP: 7/11
  2105 | D:2      | Noticed Sigmund
  2118 | D:2      | Killed Sigmund
  2119 | D:2      | Reached skill level 1 in Conjurations
  2119 | D:2      | Reached skill level 1 in Hexes
  2119 | D:2      | Reached skill level 1 in Summonings
  2119 | D:2      | Reached skill level 1 in Necromancy
  2119 | D:2      | Reached skill level 1 in Translocations
  2119 | D:2      | Reached skill level 1 in Fire Magic
  2119 | D:2      | Reached skill level 1 in Air Magic
  2119 | D:2      | Reached skill level 1 in Earth Magic
  2119 | D:2      | Reached skill level 1 in Alchemy
  2119 | D:2      | Reached skill level 2 in Invocations
  2119 | D:2      | Reached XP level 5. HP: 20/38 MP: 3/12
  2119 | D:2      | Reached XP level 6. HP: 23/44 MP: 3/13
  2217 | D:2      | Found Omeneacuel's Assorted Antiques.
  2224 | D:2      | Bought a long ivory wand for 72 gold pieces
  2539 | D:2      | Found Ekobupnit's Distillery.
  2546 | D:2      | Bought a potion of curing for 33 gold pieces
  2913 | D:3      | Reached skill level 5 in Dodging
  3745 | D:4      | Identified the +0 falchion "Ultimatum" {flame, ^Fragile
                  | Str+6 Int+5}
  3861 | D:4      | Learned a level 3 spell: Summon Ice Beast
  3899 | D:4      | Found a staircase to the Ecumenical Temple.
  3905 | Temple   | Entered the Ecumenical Temple
  3912 | Temple   | Became a worshipper of Sif Muna the Loreminder
  4066 | D:4      | Noticed Ijyb
  4306 | D:4      | Killed Ijyb
  4320 | D:4      | Reached XP level 7. HP: 48/50 MP: 4/15
  4384 | D:4      | Noticed Pikel
  4392 | D:4      | Killed Pikel
  4393 | D:4      | Reached skill level 5 in Stealth
  4393 | D:4      | Reached skill level 3 in Invocations
  4393 | D:4      | Reached XP level 8. HP: 38/58 MP: 9/16
  4916 | D:4      | Found a snail-covered altar of Cheibriados.
  5206 | D:5      | Entered Level 5 of the Dungeon
  5386 | D:5      | Noticed a yak
  5397 | D:5      | Reached * piety under Sif Muna
  5404 | D:5      | Killed a yak
  5405 | D:5      | Reached skill level 4 in Invocations
  5410 | D:5      | Noticed Grinder
  5818 | D:5      | Identified the +1 robe "Joubrem" {Will+}
  6038 | D:5      | Found a glowing golden altar of the Shining One.
  6226 | D:5      | Learned a level 3 spell: Call Canine Familiar
  6240 | D:5      | Reached XP level 9. HP: 63/65 MP: 8/18
  6324 | D:5      | Found an iron altar of Okawaru.
  6679 | D:5      | Found a hazy altar of Hepliaklqana.
  7593 | D:6      | Found an ornate altar of the Wu Jian Council.
  7811 | D:6      | Found a runed translucent door.
  7812 | D:6      | Noticed Crazy Yiuf
  7822 | D:6      | Killed Crazy Yiuf
  8188 | D:6      | Reached ** piety under Sif Muna
  8541 | D:7      | Reached skill level 5 in Invocations
  8669 | D:7      | Noticed a hornet
  8674 | D:7      | Killed a hornet
  8946 | D:7      | Found a stormy altar of Qazlal.
  8962 | D:7      | Found a transporter.
  8964 | D:7      | Found a white marble altar of Elyvilon.
  9134 | D:7      | Found a transporter.
  9302 | D:7      | Found a glowing silver altar of Zin.
  9415 | D:7      | Noticed Maggie
  9435 | D:7      | Killed Maggie
  9721 | D:8      | Reached skill level 5 in Fighting
  9721 | D:8      | Reached skill level 5 in Short Blades
  9721 | D:8      | Reached skill level 5 in Long Blades
  9721 | D:8      | Reached skill level 5 in Axes
  9721 | D:8      | Reached skill level 5 in Maces & Flails
  9721 | D:8      | Reached skill level 5 in Polearms
  9721 | D:8      | Reached skill level 5 in Staves
  9721 | D:8      | Reached skill level 5 in Ranged Weapons
  9721 | D:8      | Reached skill level 5 in Throwing
  9721 | D:8      | Reached skill level 5 in Armour
  9721 | D:8      | Reached skill level 5 in Shields
  9721 | D:8      | Reached skill level 5 in Unarmed Combat
  9721 | D:8      | Reached skill level 5 in Evocations
  9721 | D:8      | Reached XP level 10. HP: 71/74 MP: 11/20
  9892 | D:8      | Found the +2 hat of the Bear Spirit {Spirit, Bear, *Rage
                  | Will++}
 10030 | D:8      | Found a broken altar of Ashenzari.
 10072 | D:8      | Found a radiant altar of Vehumet.
 10441 | D:8      | Found a staircase to the Lair.
 10491 | D:8      | Noticed a two-headed ogre
 10507 | D:8      | Killed a two-headed ogre
 10519 | D:8      | Noticed Maurice
 10531 | D:8      | Killed Maurice
 10532 | D:8      | Reached skill level 6 in Invocations
 10532 | D:8      | Reached skill level 5 in Shapeshifting
 10620 | D:8      | Identified the +0 leather armour of Kindness {Regen+ Str+3
                  | Int-3 SInv}
 11245 | D:9      | Reached *** piety under Sif Muna
 11398 | D:9      | Noticed a two-headed ogre
 11408 | D:9      | Killed a two-headed ogre
 11420 | D:9      | Noticed a two-headed ogre
 11425 | D:9      | Killed a two-headed ogre
 11426 | D:9      | Reached skill level 5 in Conjurations
 11426 | D:9      | Reached skill level 5 in Hexes
 11426 | D:9      | Reached skill level 5 in Summonings
 11426 | D:9      | Reached skill level 5 in Necromancy
 11426 | D:9      | Reached skill level 5 in Translocations
 11426 | D:9      | Reached skill level 5 in Fire Magic
 11426 | D:9      | Reached skill level 5 in Air Magic
 11426 | D:9      | Reached skill level 5 in Earth Magic
 11426 | D:9      | Reached skill level 5 in Alchemy
 11426 | D:9      | Reached XP level 11. HP: 76/81 MP: 7/23
 11924 | D:10     | Entered Level 10 of the Dungeon
 12813 | D:10     | Reached skill level 7 in Invocations
 13309 | D:11     | Noticed an orc sorcerer
 13310 | D:11     | Noticed a deep elf zephyrmancer
 13345 | D:11     | Killed an orc sorcerer
 13345 | D:11     | Reached **** piety under Sif Muna
 13398 | D:11     | Identified the ring "Qoitwaroce" {Fly rF+ rC+}
 13408 | D:11     | Noticed a manticore
 13414 | D:11     | Killed a manticore
 13726 | D:11     | Noticed a two-headed ogre
 13726 | D:11     | Noticed a cyclops
 13739 | D:11     | Killed a cyclops
 13744 | D:11     | Killed a two-headed ogre
 13759 | D:11     | Noticed a manticore
 13796 | D:11     | Noticed a boulder beetle
 13798 | D:11     | Noticed a cyclops
 13805 | D:11     | Killed a cyclops
 13812 | D:11     | Killed a boulder beetle
 13815 | D:11     | Reached XP level 12. HP: 52/91 MP: 13/24
 14085 | D:11     | Noticed a two-headed ogre
 14102 | D:11     | Killed a two-headed ogre
 14119 | D:11     | Reached skill level 8 in Invocations
 14729 | D:11     | Noticed a catoblepas
 14765 | D:11     | Noticed a centaur warrior
 14852 | D:11     | Killed a centaur warrior
 15013 | D:11     | Found a portal to a secret trove of treasure.
 15052 | D:11     | Noticed a boulder beetle
 15060 | D:11     | Noticed an eight-headed hydra
 15380 | D:11     | Killed an eight-headed hydra
 15676 | D:11     | Killed a catoblepas
 16240 | D:11     | Killed a boulder beetle
 16399 | Lair:1   | Entered Level 1 of the Lair of Beasts
 16704 | Lair:1   | Learned a level 7 spell: Ozocubu's Refrigeration
 16744 | Lair:1   | Reached XP level 13. HP: 98/98 MP: 19/26
 16772 | Lair:1   | Reached ***** piety under Sif Muna
 16949 | Lair:1   | Reached skill level 9 in Invocations
 17100 | Lair:1   | Reached skill level 10 in Ice Magic
 17879 | Lair:2   | Found a staircase to the Snake Pit.
 17949 | Lair:2   | Reached skill level 10 in Spellcasting
 18753 | Lair:3   | Received a gift from Sif Muna
 18756 | Lair:3   | Got Sif Muna's Incunable of Arsenical Imprecation {god
                  | gift}
 18763 | Lair:3   | Learned a level 5 spell: Irradiate
 18999 | Lair:3   | Reached skill level 10 in Dodging
 19938 | Lair:3   | Reached skill level 10 in Stealth
 20026 | Lair:3   | Found a staircase to the Shoals.
 20330 | Lair:4   | Identified the +1 scale mail "Kegegen" {Int+4}
 20371 | Lair:4   | Noticed Rupert
 20387 | Lair:4   | Killed Rupert
 20388 | Lair:4   | Reached skill level 10 in Invocations
 20388 | Lair:4   | Reached XP level 14. HP: 54/108 MP: 12/28
 20775 | Lair:4   | Found a staircase to the Slime Pits.
 20776 | Lair:4   | Found a viscous altar of Jiyva.
 21151 | Lair:4   | Found a runed translucent gate.
 21152 | Lair:4   | Found a runed translucent gate.
 21162 | Lair:4   | Found a runed translucent gate.
 21163 | Lair:4   | Noticed ooops's ghost (journeyman CoGl)
 21163 | Lair:4   | Noticed Deteph's ghost (journeyman NaSu)
 21224 | Lair:4   | Noticed Urug
 21261 | Lair:4   | Killed Urug
 21614 | Lair:5   | Entered Level 5 of the Lair of Beasts
 21689 | Lair:4   | Received a gift from Sif Muna
 21692 | Lair:4   | Got Sif Muna's Verses on Shadowy Wanderlust {god gift}
 24147 | Lair:5   | Reached skill level 10 in Fighting
 24147 | Lair:5   | Reached skill level 10 in Short Blades
 24147 | Lair:5   | Reached skill level 10 in Long Blades
 24147 | Lair:5   | Reached skill level 10 in Axes
 24147 | Lair:5   | Reached skill level 10 in Maces & Flails
 24147 | Lair:5   | Reached skill level 10 in Polearms
 24147 | Lair:5   | Reached skill level 10 in Staves
 24147 | Lair:5   | Reached skill level 10 in Ranged Weapons
 24147 | Lair:5   | Reached skill level 10 in Throwing
 24147 | Lair:5   | Reached skill level 10 in Armour
 24147 | Lair:5   | Reached skill level 10 in Shields
 24147 | Lair:5   | Reached skill level 10 in Unarmed Combat
 24147 | Lair:5   | Reached skill level 10 in Evocations
 24525 | Lair:5   | Reached XP level 15. HP: 64/115 MP: 7/30
 24731 | Lair:5   | Reached skill level 11 in Invocations
 24987 | Lair:5   | Found a corrupted altar of Lugonu.
 24987 | Lair:5   | Found a one-way gate to the infinite horrors of the Abyss.
 25581 | D:12     | Identified the flux talisman "Awnucot" {Fly Stlth+}
 25626 | D:12     | Found a staircase to the Orcish Mines.
 25865 | D:12     | Received a gift from Sif Muna
 25910 | D:12     | Got Sif Muna's Parchment of the Transmuted Storm {god gift}
 25922 | D:12     | Learned a level 5 spell: Freezing Cloud
 25928 | D:12     | Learned a level 5 spell: Yara's Violent Unravelling
 26840 | Orc:1    | Entered Level 1 of the Orcish Mines
 27490 | Orc:2    | Entered Level 2 of the Orcish Mines
 27617 | Orc:2    | Found a staircase to the Elven Halls.
 27862 | Orc:2    | Found Peax's Distillery.
 27862 | Orc:2    | Found Laheoxae's Antique Weapon Emporium.
 27862 | Orc:2    | Found Heumpep's General Store.
 27862 | Orc:2    | Found Juko's Antique Armour Shop.
 27873 | Orc:2    | Bought a pair of scorched boots for 313 gold pieces
 27873 | Orc:2    | Identified the +0 pair of boots of Intercession {rF+ Dex+2}
                  | (You bought it in a shop on level 2 of the Orcish Mines)
 28032 | Orc:2    | Bought a potion of invisibility for 104 gold pieces
 28032 | Orc:2    | Bought a scroll of blinking for 97 gold pieces
 28033 | Orc:2    | Bought a potion of invisibility for 112 gold pieces
 28033 | Orc:2    | Bought a potion of heal wounds for 70 gold pieces
 28033 | Orc:2    | Bought a potion of mutation for 112 gold pieces
 28033 | Orc:2    | Bought a potion of brilliance for 56 gold pieces
 28033 | Orc:2    | Bought a potion of resistance for 140 gold pieces
 28033 | Orc:2    | Bought a potion of enlightenment for 70 gold pieces
 28033 | Orc:2    | Bought a potion of enlightenment for 70 gold pieces
 28033 | Orc:2    | Bought a potion of magic for 112 gold pieces
 28033 | Orc:2    | Bought a potion of heal wounds for 70 gold pieces
 28033 | Orc:2    | Bought a potion of curing for 42 gold pieces
 28275 | Orc:2    | Received a gift from Sif Muna
 28276 | Orc:2    | Got Sif Muna's Tractate on Transportation {god gift}
 28282 | Orc:2    | Learned a level 2 spell: Blink
 28801 | Orc:2    | Identified the +1 hat of the Endless Expanse {rPois Will-
                  | Str+4 Stlth+}
 29061 | Orc:2    | Reached ****** piety under Sif Muna
 29499 | Orc:1    | Found Ifell's Jewellery Shop.
 30404 | D:13     | Reached skill level 10 in Shapeshifting
 30897 | D:13     | Found a gate to the Vaults.
 31164 | D:13     | Reached XP level 16. HP: 110/124 MP: 25/32
 31685 | D:14     | Found a gate leading to a gauntlet.
 31700 | Gauntlet | Entered a Gauntlet
 31700 | Gauntlet | Found a transporter.
 31713 | Gauntlet | Found a transporter.
 31725 | Gauntlet | Found a transporter.
 31729 | Gauntlet | Found a transporter.
 31740 | Gauntlet | Found a transporter.
 31757 | Gauntlet | Found a runed translucent door.
 31764 | Gauntlet | Found a transporter.
 31767 | Gauntlet | Found a transporter.
 31799 | Gauntlet | Found a transporter.
 31801 | Gauntlet | Found a transporter.
 31804 | Gauntlet | Found a transporter.
 31818 | Gauntlet | Found a transporter.
 31818 | Gauntlet | Found a transporter.
 31871 | Gauntlet | Received a gift from Sif Muna
 31879 | Gauntlet | Identified the +2 hat "Otriqej" {rElec rPois}
 31919 | Gauntlet | Identified the +3 hat of the Comet {^Contam Will+ Str+4
                  | Int+2}
 31983 | Gauntlet | Identified the +4 broad axe "Xajeesma" {vamp, rC- Int+3
                  | Dex+6}
 31993 | Gauntlet | Reached skill level 12 in Invocations
 32295 | Gauntlet | Identified the granite talisman "Lafoeto" {+Blink rN+
                  | Dex-2}
 32343 | D:15     | Entered Level 15 of the Dungeon
 32715 | D:14     | Identified the +3 hand axe of Pyucrui {vamp, rN+ Str+4}
 33057 | D:14     | Found a runed translucent door.
 33058 | D:14     | Found a shimmering altar of Xom.
 33058 | D:14     | Noticed Dicinne's ghost (journeyman VSEE)
 33076 | D:14     | Killed Dicinne's ghost
 33574 | Orc:1    | Bought the ring of Fihaimef {rElec Int+6} for 800 gold
                  | pieces
 33724 | D:15     | Found a runed translucent gate.
 33724 | D:15     | Found a runed translucent gate.
 33724 | D:15     | Found a runed translucent gate.
 34463 | D:15     | Found a staircase to the Depths.
 34681 | D:15     | Received a gift from Sif Muna
 34695 | D:15     | Got Sif Muna's Collected Works on Sandy Transportation {god
                  | gift}
 34806 | D:15     | Found a runed translucent gate.
 34806 | D:15     | Found a runed translucent gate.
 34808 | D:15     | Found a runed translucent gate.
 34808 | D:15     | Noticed Ytoxtayn's ghost (adept CoBe)
 35016 | Snake:1  | Entered Level 1 of the Snake Pit
 36704 | Snake:1  | Learned a level 6 spell: Dispersal
 37551 | Snake:2  | Reached XP level 17. HP: 130/133 MP: 14/33
 37723 | Snake:2  | Reached skill level 10 in Conjurations
 37723 | Snake:2  | Reached skill level 10 in Hexes
 37723 | Snake:2  | Reached skill level 10 in Summonings
 37723 | Snake:2  | Reached skill level 10 in Necromancy
 37723 | Snake:2  | Reached skill level 10 in Translocations
 37723 | Snake:2  | Reached skill level 10 in Fire Magic
 37723 | Snake:2  | Reached skill level 10 in Air Magic
 37723 | Snake:2  | Reached skill level 10 in Earth Magic
 37723 | Snake:2  | Reached skill level 10 in Alchemy
 37732 | Snake:2  | Found a glacial archway.
 37755 | IceCv    | Entered an ice cave
 37778 | IceCv    | Learned a level 6 spell: Bombard
 39643 | IceCv    | Reached skill level 13 in Invocations
 40187 | IceCv    | Noticed an Ice Fiend
 40465 | IceCv    | Killed an Ice Fiend
 40880 | IceCv    | Identified the staff "Etelox" {rC+ Int-4 Dex+5 Ice}
 41653 | Snake:2  | Found Sasoatal's Book Shoppe.
 41655 | Snake:2  | Found Foto's Assorted Antiques.
 41657 | Snake:2  | Found Fomuojop's Distillery.
 42756 | Snake:2  | Bought the Parchment of the Fjord and the Sarcophagus for
                  | 612 gold pieces
 42764 | Snake:2  | Learned a level 6 spell: Permafrost Eruption
 44385 | Snake:3  | Received a gift from Sif Muna
 44944 | Snake:4  | Entered Level 4 of the Snake Pit
 46072 | Snake:4  | Identified the serpent talisman "Qatogretz" {rF- rN++
                  | Will+++ rCorr}
 46072 | Snake:4  | Noticed Aizul
 46075 | Snake:4  | Reached XP level 18. HP: 131/141 MP: 16/35
 46208 | Snake:3  | Killed Aizul
 47451 | Snake:4  | Noticed a quicksilver dragon
 47454 | Snake:4  | Killed a quicksilver dragon
 47625 | Snake:4  | Got a serpentine rune of Zot
 48187 | Shoals:1 | Entered Level 1 of the Shoals
 48834 | Shoals:1 | Received a gift from Sif Muna
 48845 | Shoals:1 | Reached skill level 14 in Invocations
 48941 | Shoals:1 | Got Sif Muna's Atlas of Concussion and Lamentation {god
                  | gift}
 49963 | Shoals:2 | Found Yrik's Specific Store.
 50040 | Shoals:2 | Found Muviqys's General Store.
 50354 | Shoals:2 | Received a gift from Sif Muna
 50463 | Shoals:2 | Got Sif Muna's Compilation of Quintessence and Graupel {god
                  | gift}
 51612 | Shoals:3 | Noticed Mlioglotl
 51617 | Shoals:3 | Killed Mlioglotl
 52922 | Shoals:4 | Entered Level 4 of the Shoals
 52922 | Shoals:4 | Found an ancient bone altar of Kikubaaqudgha.
 53185 | Shoals:4 | Reached XP level 19. HP: 149/149 MP: 18/37
 54232 | Shoals:4 | Got a barnacled rune of Zot
 54846 | Shoals:4 | Received a gift from Sif Muna
 54850 | Shoals:4 | Got Sif Muna's Directory of Gelid Transportation {god gift}
 55005 | Shoals:4 | Identified the +0 hand axe "Yptayzuseu" {pain, rC+ Will+}
 55184 | Shoals:4 | Identified the ring "Gaohacwe" {rC+ Str+6 Int+3}
 56353 | Vaults:1 | Entered Level 1 of the Vaults
 56399 | Vaults:1 | Identified the +2 leather armour of Asceticism {Fly rPois
                  | Str+2 Dex-2}
 56404 | Vaults:1 | Found a crumbling gateway.
 56507 | Desolati | Entered the Desolation of Salt
 56618 | Desolati | Received a gift from Sif Muna
 56619 | Desolati | Identified the +0 chain mail of Fyext {Str+2 Int+4}
 56629 | Desolati | Reached skill level 15 in Invocations
 56631 | Desolati | Identified the +9 glaive "Casmeh" {heavy, Int+5}
 56963 | Desolati | Identified the +0 scale mail of the Devil's Team {Int+5}
 57466 | Desolati | Got the Information on the Crevasse and Direction
 57516 | Desolati | Identified the staff "Sycwatro" {rC+ rN+ Int-2 Conj Necro}
 57525 | Desolati | Found the +6 shillelagh "Devastator" {shatter}
 57661 | Desolati | Identified the +7 gold dragon scales of Baldness {rPois rF+
                  | rC+ Will- Str+5 Dex+6}
 57707 | Desolati | Identified the amulet of the Madman {Spirit Rampage Fly
                  | Will++ Int-2}
 57999 | D:11     | You paid a toll of +7 gold dragon scales to enter a
                  | treasure trove
 58000 | Trove    | Entered a treasure trove
 58002 | Trove    | Found a bloodstained altar of Trog.
 58021 | Trove    | Identified the +7 rapier "Diuwkab" {distort, *Noise rCorr
                  | Str+2 Dex+9}
 58035 | Trove    | Identified the +3 quarterstaff of Wonderful Guile {heavy,
                  | Fly rN+ MP+9 Int+5 Stlth-}
 58043 | Trove    | Identified the +1 whip of Fury {freeze, rElec Will+ Stlth+}
 58045 | Trove    | Identified the +10 war axe "Nitwe" {venom, Dex+2}
 58047 | Trove    | Identified the +8 hand axe "Qirph" {antimagic, Will+ Int+4
                  | Dex+2}
 58223 | Vaults:1 | Reached XP level 20. HP: 153/156 MP: 19/38
 59115 | Vaults:1 | Identified the +10 trident of Xom, Leaping {flame, rN+
                  | Int+5}
 59581 | Vaults:1 | Received a gift from Sif Muna
 59584 | Vaults:1 | Got Sif Muna's Quarto of Topological Rallying {god gift}
 59842 | Vaults:1 | Identified the +8 glaive of the Blushing Wolf {pain,
                  | ^Contam rElec rPois rF+ rC++}
 61369 | Vaults:2 | Reached skill level 15 in Spellcasting
 62364 | Vaults:2 | Reached skill level 15 in Dodging
 63375 | Vaults:2 | Reached skill level 15 in Stealth
 63467 | Vaults:2 | Noticed Nikola
 63471 | Vaults:2 | Killed Nikola
 63651 | Vaults:2 | Found Imipyr's Magic Scroll Shop.
 63665 | Vaults:2 | Bought a scroll of butterflies for 84 gold pieces
 63665 | Vaults:2 | Bought a scroll of blinking for 157 gold pieces
 63665 | Vaults:2 | Bought a scroll of butterflies for 84 gold pieces
 64954 | Vaults:2 | Reached XP level 21. HP: 166/166 MP: 13/40
 65279 | Vaults:3 | Noticed Mennas
 65509 | Vaults:3 | Received a gift from Sif Muna
 65789 | Vaults:4 | Identified the +1 plate armour "Riff" {rPois}
 65829 | Vaults:4 | Reached skill level 16 in Invocations
 67285 | Vaults:4 | Noticed Bai Suzhen
 67298 | Vaults:4 | Killed Bai Suzhen
 67767 | Vaults:4 | Found Ciezak's Magic Scroll Shoppe.
 67776 | Vaults:4 | Bought a scroll of enchant armour for 90 gold pieces
 67866 | Vaults:4 | Reached skill level 15 in Fighting
 67866 | Vaults:4 | Reached skill level 15 in Short Blades
 67866 | Vaults:4 | Reached skill level 15 in Long Blades
 67866 | Vaults:4 | Reached skill level 15 in Axes
 67866 | Vaults:4 | Reached skill level 15 in Maces & Flails
 67866 | Vaults:4 | Reached skill level 15 in Polearms
 67866 | Vaults:4 | Reached skill level 15 in Staves
 67866 | Vaults:4 | Reached skill level 15 in Ranged Weapons
 67866 | Vaults:4 | Reached skill level 15 in Throwing
 67866 | Vaults:4 | Reached skill level 15 in Armour
 67866 | Vaults:4 | Reached skill level 15 in Shields
 67866 | Vaults:4 | Reached skill level 15 in Unarmed Combat
 67866 | Vaults:4 | Reached skill level 15 in Evocations
 68611 | Elf:1    | Entered Level 1 of the Elven Halls
 68752 | Elf:1    | Found a shimmering blue altar of Sif Muna.
 68755 | Elf:1    | Received a gift from Sif Muna
 68763 | Elf:1    | Got Sif Muna's Volume of Arrival {god gift}
 68898 | Elf:1    | Identified the +4 scale mail of Eternal Vigilance {Harm
                  | rF++ Str-5}
 70333 | Elf:1    | Received a gift from Sif Muna
 70578 | Elf:1    | Got Giessege's Parchment of Ouranomancy and Essence {god
                  | gift}
 70611 | Elf:1    | Reached XP level 22. HP: 175/175 MP: 35/42
 70891 | Elf:2    | Found Ylaqidus's Antique Armour Shop.
 71181 | Elf:2    | Found Haudeef's Distillery.
 71215 | Elf:2    | Noticed Norris
 71219 | Elf:2    | Killed Norris
 71306 | Elf:2    | Found Barexzed's Book Boutique.
 71481 | Elf:2    | Found a runed translucent gate.
 71481 | Elf:2    | Found a runed translucent gate.
 71481 | Elf:2    | Found a runed translucent gate.
 71587 | Elf:2    | Found Vireph's Antique Armour Boutique.
 72571 | Elf:2    | Received a gift from Sif Muna
 72694 | Elf:2    | Got Burgh's Excursus on Bright Fire {god gift}
 72951 | Elf:3    | Entered Level 3 of the Elven Halls
 73294 | Elf:3    | Found Ciasu's Distillery.
 73836 | Elf:3    | Paralysed by an air elemental for 1 turns
 73999 | Elf:3    | Found Migguzxorast's Jewellery Shop.
 74062 | Elf:3    | Reached skill level 17 in Invocations
 74133 | Elf:3    | Reached skill level 15 in Ice Magic
 74671 | Elf:3    | Identified the +6 falchion of Disintegration {spect, Fly
                  | rPois Dex+2}
 74681 | Elf:3    | Identified the staff of Putrescence {Fly rN+ Str+3 Necro}
 74681 | Elf:3    | Identified the +7 hand axe of Zoagawei {vamp, Fly Will+}
 75640 | Elf:3    | Identified the +0 pair of boots of Unreason {rElec Will+
                  | Regen+}
 76022 | Depths:1 | Entered Level 1 of the Depths
 76400 | Depths:1 | Found a gateway to Hell.
 76499 | Depths:1 | Reached XP level 23. HP: 183/183 MP: 29/43
 76670 | Depths:1 | Found an ancient bone altar of Kikubaaqudgha.
 76788 | Depths:1 | Received a gift from Sif Muna
 76791 | Depths:1 | Got Sif Muna's Secrets of Convocation and the Ouroboros
                  | {god gift}
 78903 | Depths:2 | Found a one-way gate leading to the halls of Pandemonium.
 79527 | Depths:2 | Found Qeoxelox's Distillery.
 79527 | Depths:2 | Found Otyqust's Magic Scroll Shoppe.
 79529 | Depths:2 | Found Xutal's Armour Emporium.
 79530 | Depths:2 | Found Deruh's General Store.
 79541 | Depths:2 | Bought a scroll of enchant armour for 112 gold pieces
 79793 | Depths:2 | Reached skill level 15 in Shapeshifting
 80181 | Depths:2 | Received a gift from Sif Muna
 80648 | Depths:2 | Noticed a caustic shrike
 80654 | Depths:2 | Killed a caustic shrike
 80824 | Depths:2 | Noticed a golden dragon
 80832 | Depths:2 | Killed a golden dragon
 82217 | Depths:3 | Found a runed translucent door.
 82217 | Depths:3 | Noticed Vyimam's ghost (adept TrGl)
 82534 | Depths:3 | Reached skill level 18 in Invocations
 82534 | Depths:3 | Reached XP level 24. HP: 193/193 MP: 32/44
 82737 | Depths:3 | Received a gift from Sif Muna
 83052 | Depths:3 | Got Vanievep's Cyclopedia of the Fascinating Volcano {god
                  | gift}
 83613 | Depths:3 | Noticed a juggernaut
 83630 | Depths:3 | Killed a juggernaut
 84540 | Depths:4 | Entered Level 4 of the Depths
 84553 | Depths:4 | Found Raulat's Elemental Accessories.
 85217 | Snake:2  | Bought a phial of floods for 1400 gold pieces
 85568 | Vaults:3 | Killed Mennas
 85786 | Vaults:3 | Found Zianef's Armour Boutique.
 85874 | Vaults:3 | Got Sif Muna's Parchment of the Barrage {god gift}
 86127 | Vaults:3 | Found a staircase to the Crypt.
 86837 | Depths:4 | Found a one-way gateway to a ziggurat.
 87060 | Depths:4 | Found a gate to the Realm of Zot.
 88015 | Depths:4 | Found a blossoming altar of Fedhas.
 88079 | Depths:4 | Found Wavir's Magic Scroll Shop.
 88086 | Depths:4 | Bought a scroll of blinking for 150 gold pieces
 88281 | Depths:4 | Found Vaon's Jewellery Emporium.
 88283 | Depths:4 | Found Haxtait's Book Shop.
 88284 | Depths:4 | Found Zewnonko's Jewellery Emporium.
 88650 | Vaults:5 | Entered Level 5 of the Vaults
 88670 | Vaults:5 | Received a gift from Sif Muna
 88705 | Vaults:5 | Got Sif Muna's Elucidation of Dense Malevolent Deeds {god
                  | gift}
 88719 | Vaults:5 | Reached XP level 25. HP: 201/201 MP: 21/44
 89164 | Vaults:5 | Identified the ring "Ger Ano" {^Contam rElec rPois EV+5
                  | Slay+2}
 89196 | Vaults:5 | Identified the ring of Beclehio {Fly rF+ rC+ Str+3}
 89257 | Vaults:5 | Identified the amulet "Aclucege" {Harm rElec rF+ Regen+
                  | Str-4}
 89266 | Vaults:5 | Identified the +0 plate armour of the Orcish Mines {rElec
                  | Will+ Str+3}
 89622 | Vaults:5 | Identified the staff of Glamorous Subterfuge {rElec rPois
                  | rN++ Dex+3 Alchemy}
 89633 | Vaults:5 | Reached skill level 19 in Invocations
 89896 | Vaults:5 | Reached skill level 15 in Conjurations
 89896 | Vaults:5 | Reached skill level 15 in Hexes
 89896 | Vaults:5 | Reached skill level 15 in Summonings
 89896 | Vaults:5 | Reached skill level 15 in Necromancy
 89896 | Vaults:5 | Reached skill level 15 in Translocations
 89896 | Vaults:5 | Reached skill level 15 in Fire Magic
 89896 | Vaults:5 | Reached skill level 15 in Air Magic
 89896 | Vaults:5 | Reached skill level 15 in Earth Magic
 89896 | Vaults:5 | Reached skill level 15 in Alchemy
 90007 | Vaults:5 | Noticed an ancient lich
 90013 | Vaults:5 | Killed an ancient lich
 90044 | Vaults:5 | Identified the +8 shortbow "Hameun Nyfoa" {freeze, *Slow
                  | Will+ Dex+3 SInv}
 91906 | Vaults:5 | Got a silver rune of Zot
 92596 | Zot:1    | Entered Level 1 of the Realm of Zot
 92605 | Zot:1    | Learned a level 7 spell: Spellforged Servitor
 92644 | Zot:1    | Noticed a shard shrike
 92645 | Zot:1    | Noticed a shard shrike
 92652 | Zot:1    | Noticed Oqust's ghost (legendary GnCK)
 92693 | Zot:1    | Found a transporter.
 93129 | Zot:1    | Learned a level 1 spell: Apportation
 93133 | Zot:1    | Learned a level 3 spell: Swiftness
 93276 | Zot:1    | Found a transporter.
 94246 | Zot:2    | Reached XP level 26. HP: 200/211 MP: 22/45
 95768 | Zot:2    | Noticed Vv
 95796 | Zot:2    | Killed Vv
 95838 | Zot:2    | Found a runed translucent gate.
 95839 | Zot:2    | Found a runed translucent gate.
 95839 | Zot:2    | Found an opulent altar of Gozag.
 95839 | Zot:2    | Noticed Hoatu's ghost (master TrFi)
 95840 | Zot:2    | Found a runed translucent gate.
 98222 | Zot:4    | Reached skill level 20 in Invocations
 99105 | Zot:4    | Noticed an orb of fire
 99108 | Zot:4    | Gained mutation: You are clumsy. (Dex -2) [an orb of fire]
 99109 | Zot:4    | Gained mutation: You occasionally lose the ability to drink
                  | potions when taking damage. [an orb of fire]
 99110 | Zot:4    | Killed an orb of fire
 99318 | Zot:4    | Lost mutation: You are clumsy. (Dex -2) [potion of
                  | mutation]
 99318 | Zot:4    | Lost mutation: You occasionally lose the ability to drink
                  | potions when taking damage. [potion of mutation]
 99318 | Zot:4    | Gained mutation: You are partially covered in large bone
                  | plates. (SH +4) [potion of mutation]
 99318 | Zot:4    | Gained mutation: You are robust. (+10% HP) [potion of
                  | mutation]
 99318 | Zot:4    | Gained mutation: You have large cloven feet. [potion of
                  | mutation]
 99329 | Zot:5    | Entered Level 5 of the Realm of Zot
 99339 | Zot:5    | Reached XP level 27. HP: 240/240 MP: 13/46
100522 | Zot:5    | Noticed a dread lich
100526 | Zot:5    | Killed a dread lich
100683 | Zot:5    | Noticed an orb of fire
100689 | Zot:5    | Killed an orb of fire
100738 | Zot:5    | Noticed a dread lich
100741 | Zot:5    | Killed a dread lich
100780 | Zot:5    | Noticed an ancient lich
100785 | Zot:5    | Killed an ancient lich
100928 | Zot:5    | Noticed an ancient lich
100931 | Zot:5    | Received a gift from Sif Muna
100934 | Zot:5    | Killed an ancient lich
101185 | Zot:5    | Noticed a dread lich
101190 | Zot:5    | Killed a dread lich
101194 | Zot:5    | Noticed a dread lich
101201 | Zot:5    | Killed a dread lich
101280 | Zot:5    | Noticed an ancient lich
101287 | Zot:5    | Killed an ancient lich
101781 | Zot:5    | Noticed an orb of fire
101792 | Zot:5    | Gained mutation: Your health recovers twice as slowly from
                  | being drained. [an orb of fire]
101794 | Zot:5    | Killed an orb of fire
101810 | Zot:5    | Noticed an ancient lich
101818 | Zot:5    | Killed an ancient lich
102033 | Zot:5    | Noticed a dread lich
102039 | Zot:5    | Killed a dread lich
102410 | Zot:5    | Got the Orb of Zot
102622 | Depths:4 | Noticed Hiumneom the pandemonium lord
102956 | D:4      | Reached skill level 21 in Invocations
102997 | D:4      | Killed Grinder
103078 | D:7      | Fell from the grace of Sif Muna
103078 | D:7      | Became a worshipper of Qazlal Stormbringer
103227 | D:2      | Noticed Tuyceosa the pandemonium lord
103230 | D:2      | Killed Tuyceosa the pandemonium lord
103300 | D:$      | Escaped with the Orb!

Illustrated notes

Levels and vault maps discovered:
D:1:      psy_arrival_conway, layout_rooms, chequers_serial_rivers_large_a
D:2:      minmay_evil_eye, layout_loops_ring, serial_shops,
          nicolae_shop_just_a_little_nook, shop, st_stairs_8,
          minmay_goblin_outpost, uniq_sigmund
D:3:      layout_rooms, minmay_hedge_maze, minmay_misc_feat_hallway,
          dk_noncrumbling_2, serial_bayou_pond_e
D:4:      layout_basic, kennysheep_slug_shrine, temple_green, uniq_pikel,
          uniq_ijyb
D:5:      layout_layer_cave, nzn_hepliaklqana_mist_gate,
          okawaru_ov_weapons_minmay, nicolae_tso_swordbearing_angel,
          minmay_chambers_of_fives, uniq_grinder
D:6:      layout_cave_pods, mainiacjoe_overflow_alcove_2,
          uniq_crazy_yiuf_cottage
D:7:      layout_basic, lemuel_doored_altar, nicolae_qazlal_style_of_elements,
          elyvilon_altar_4, uniq_maggie
D:8:      layout_basic, mainiacjoe_overflow_two_lobes, lair_entry_dummy,
          kb_lookout_dungeons_type, chequers_serial_rivers_room_b, uniq_maurice
D:9:      layout_cave_pools, minmay_misc_feat_pillars
D:10:     layout_irregular_city
D:11:     minmay_the_grid_4x2 [minmay_the_grid_gridbox, minmay_the_grid_fan,
          minmay_the_grid_outer_circle, minmay_the_grid_spikes,
          minmay_the_grid_box_x, minmay_the_grid_tri_star,
          minmay_the_grid_diamond_grid, minmay_the_grid_prize_big_room],
          layout_gridville, enter_trove_3, minmay_bent
D:12:     layout_loops_ring, zombieorc2_lemuel, serial_glass, glass_columns_b,
          glass_columns_c
D:13:     layout_loops_ring, david_vaults_4
D:14:     layout_basic, infiniplex_staircase_star, ebering_ghost_xom,
          gauntlet_entry_generic
D:15:     gammafunk_enter_depths_forms, layout_rooms,
          minmay_misc_feat_more_columns,
          ploomutoo_gammafunk_ghost_potion_laboratory
Temple:   nicolae_temple_ecumenical_triangle
Lair:1:   wander_river, layout_concentric_octagons
Lair:2:   layout_hall_layers, dummy_snake_entry, serial_forest,
          infiniplex_forest_end_3, infiniplex_forest_clump_long,
          infiniplex_forest_lined_room_2, infiniplex_forest_straight_5,
          infiniplex_forest_lined_4_way
Lair:3:   beast_lair_carwin_large_1, layout_concentric_octagons,
          elwin_shoals_entry_rocks, pdpol_lair_neglected_garden
Lair:4:   layout_roguey, minmay_slime_entry_jelly_boxes,
          gammafunk_ghost_cemetery, lemuel_fruit_fields, grunt_megastairs_5,
          uniq_rupert, uniq_urug
Lair:5:   hellmonk_lair_end_abyssal_woods, layout_cave_pods, minivault_23,
          grunt_megastairs_2
Shoals:1: layout_shoals, nicolae_shoals_wave_tunnel
Shoals:2: layout_shoals, nicolae_shoals_seven_spires, nicolae_specific_store,
          nicolae_shoals_nautilus_by_nature, nicolae_shoals_land_atoll
Shoals:3: layout_shoals, uniq_mlioglotl
Shoals:4: shoals_end_grunt_garden, layout_shoals, lemuel_altar_in_water,
          nicolae_shoals_mertower
Snake:1:  nicolae_snake_shooting_gallery, layout_layer_cave
Snake:2:  layout_basic, portal_ice_cave_entry_pillars_four, st_stairs_14,
          grunt_megastairs_3, minmay_shop_star
Snake:3:  layout_chambers, special_room
Snake:4:  hellmonk_snake_rune_quicksilver_temple, layout_cave_town, uniq_aizul
Orc:1:    layout_caves, minmay_shop_enchanted_jewellery
Orc:2:    st_orc_ogre_mass, layout_caves, hangedman_minor_magic
Elf:1:    eino_elf_arrival_customs, layout_geoelf_grid,
          hangedman_elven_crosses_minicolossus, hellmonk_sif_muna_bookshelves
Elf:2:    elven_hall_of_blades_hangedman_original [nicolae_blade_little_rooms],
          layout_geoelf_diagonals, serial_shops, nicolae_shop_industrial_runoff,
          nicolae_shop_overgrown_old_shop, shop,
          nicolae_shop_pleasant_corner_grove, serial_sigils_hangedman_confine,
          st_stairs_1, uniq_norris
Elf:3:    minmay_elf_hall_curves, layout_gridlike, serial_shops,
          nicolae_shop_gaudy_bauble, nicolae_shop_industrial_runoff,
          nicolae_concentric_dashed_squares_wild
Vaults:1: portal_desolation_entry_twin_temple, nicolae_vaults_spaceships,
          vaults_room_door_ring, nicolae_vaults_big_ls, nicolae_vaults_cochlea,
          nicolae_vaults_sesquioval_fish, nicolae_vaults_offset_grid_hallway_2,
          nicolae_vaults_house_3, layout_vaults_quadrants
Vaults:2: nicolae_vaults_big_angled_halls, v_misc_3, v_pattern_4,
          vaults_dpeg_diagonal, v_rooms_3, nicolae_vaults_trapezoid_3,
          nicolae_vaults_loss_of_containment, nicolae_vaults_hallways_thing,
          ontoclasm_vaults_chip, nicolae_vaults_closet_pinwheel_4,
          nicolae_vaults_offset_grid_hallway_1, vaults_mumra_hexcomb,
          nicolae_vaults_rhombus_6, ontoclasm_vaults_loading_screen,
          grunt_vaults_focal, layout_vaults_ring, serial_shops, shop,
          uniq_nikola
Vaults:3: grunt_vaults_hallway_long, nicolae_vaults_double_plus_2,
          nicolae_vaults_sightless_eye, nicolae_vaults_storage_closets_2,
          v_misc_23, nicolae_vaults_house_1, nicolae_vaults_wine_cellar,
          v_misc_17, blue_anna_dwarven_crypt, nicolae_vaults_more_shelving_2,
          grunt_vaults_trifunnel, nicolae_vaults_heart-shaped_vault,
          nicolae_vaults_little_squares_1, layout_vaults_omnicross,
          serial_shops, nicolae_shop_window_shopping, uniq_mennas
Vaults:4: nicolae_vaults_heist, ontoclasm_vaults_eye,
          nicolae_vaults_double_plus_2, v_alt_pattern_6, ontoclasm_vaults_pinch,
          vaults_room_mumra_shop_pool, v_misc_27, vaults_room_boxed,
          nicolae_vaults_oval_intersection, nicolae_vaults_tetromino_Z_1,
          layout_vaults_chaotic_city, uniq_margery, uniq_bai_suzhen
Vaults:5
Depths:1: layout_gridlike, serial_curves, eino_curves_04, eino_curves_04,
          grunt_mini_vestibule, kiku_gazebo_garden_becter
Depths:2: nicolae_aperiodic_l_corner, layout_gridville, hell_entry,
          rand_demon_pan_entry_8, hangedman_abyss_or_decor_stabs,
          minmay_staircase_bubble, minmay_shoptagon
Depths:3: grunt_bent_corner, layout_gridlike, hell_entry, serial_bayou,
          serial_bayou_pond_a, serial_bayou_pond_e, serial_bayou_shore_b,
          serial_bayou_pond_d, kennysheep_decorative_pillar, abyss_entry,
          ebering_ghost_inner_flame
Depths:4: evilmike_zot_entry_diamond, layout_gridville, enter_ziggurat_e,
          hell_entry, serial_shops, nicolae_shop_trees, fedhas_altar_2,
          abyss_entry, nrook_loot_triangle, nicolae_elemental_shop,
          nicolae_tricolors, minmay_shop_grove
Zot:1:    layout_cathedral_of_symmetry, gammafunk_ghost_berserking_beasts
Zot:2:    layout_gridlike, regret_index_zotdec_plus, ebering_ghost_gozag,
          hangedman_zot_decor_scrapings, uniq_vv
Zot:3:    layout_cathedral_of_symmetry, regret_index_zotdec_onion_hex
Zot:4:    layout_onion_interference, zot_minivault_1
Zot:5:    layout_gridlike

Skill      XL: |  1  2  3  4  5  6  7  8  9 10 11 12 13 14 15 16 17 18 19 20 21 22 23 24 25 26 27 |
---------------+----------------------------------------------------------------------------------+-----
Spellcasting   | 5 6 7 8 9 10 11 12 13 14 15 16 17 18 19 20 | 20.0
Invocations    | 1 2 3 4 5 6 7 8 10 11 12 13 14 15 16 17 18 19 20 21 | 21.0
Fighting       | 1 2 3 5 6 7 8 9 10 11 12 13 14 15 16 17 18 19 | 19.4
Short Blades   | 1 2 3 5 6 7 8 9 10 11 12 13 14 15 16 17 18 19 | 19.4
Long Blades    | 1 2 3 5 6 7 8 9 10 11 12 13 14 15 16 17 18 19 | 19.4
Axes           | 1 2 3 5 6 7 8 9 10 11 12 13 14 15 16 17 18 19 | 19.4
Maces & Flails | 1 2 3 5 6 7 8 9 10 11 12 13 14 15 16 17 18 19 | 19.4
Polearms       | 1 2 3 5 6 7 8 9 10 11 12 13 14 15 16 17 18 19 | 19.4
Staves         | 1 2 3 5 6 7 8 9 10 11 12 13 14 15 16 17 18 19 | 19.4
Ranged Weapons | 1 2 3 5 6 7 8 9 10 11 12 13 14 15 16 17 18 19 | 19.4
Throwing       | 1 2 3 5 6 7 8 9 10 11 12 13 14 15 16 17 18 19 | 19.4
Armour         | 1 2 3 5 6 7 8 9 10 11 12 13 14 15 16 17 18 19 | 19.4
Shields        | 1 2 3 5 6 7 8 9 10 11 12 13 14 15 16 17 18 19 | 19.4
Unarmed Combat | 1 2 3 5 6 7 8 9 10 11 12 13 14 15 16 17 18 19 | 19.4
Evocations     | 1 2 3 5 6 7 8 9 10 11 12 13 14 15 16 17 18 19 | 19.4
Shapeshifting  | 1 2 3 4 5 6 7 8 9 10 11 12 13 14 15 16 17 18 | 18.0
Conjurations   | 1 2 3 4 5 6 7 8 9 10 11 12 13 14 15 16 | 16.6
Hexes          | 1 2 3 4 5 6 7 8 9 10 11 12 13 14 15 16 | 16.6
Summonings     | 1 2 3 4 5 6 7 8 9 10 11 12 13 14 15 16 | 16.6
Necromancy     | 1 2 3 4 5 6 7 8 9 10 11 12 13 14 15 16 | 16.6
Translocations | 1 2 3 4 5 6 7 8 9 10 11 12 13 14 15 16 | 16.6
Fire Magic     | 1 2 3 4 5 6 7 8 9 10 11 12 13 14 15 16 | 16.6
Air Magic      | 1 2 3 4 5 6 7 8 9 10 11 12 13 14 15 16 | 16.6
Earth Magic    | 1 2 3 4 5 6 7 8 9 10 11 12 13 14 15 16 | 16.6
Alchemy        | 1 2 3 4 5 6 7 8 9 10 11 12 13 14 15 16 | 16.6
Dodging        | 5 6 7 8 9 10 11 12 13 14 15 16 17 18 19 | 19.9
Stealth        | 5 6 7 8 9 10 11 12 13 14 15 16 17 18 19 | 19.8
Ice Magic      | 8 9 10 11 12 13 14 15 16 17 | 17.9

Action                     |  1- 3 |  4- 6 |  7- 9 | 10-12 | 13-15 | 16-18 | 19-21 | 22-24 | 25-27 || total
---------------------------+-------+-------+-------+-------+-------+-------+-------+-------+-------++-------
  Melee: Spear             |    15 |    36 |       |       |       |       |       |       |       ||    51
         Bite              |     2 |     4 |     9 |    32 |   134 |    28 |     6 |    17 |     1 ||   233
         Falchion          |       |    12 |    82 |   194 |   698 |   154 |    14 |       |       ||  1154
         Trident           |       |       |       |       |       |       |    15 |     2 |       ||    17
         Staff             |       |       |       |       |       |       |       |    67 |     4 ||    71
  Throw: Boomerang         |       |     1 |       |       |       |       |       |       |       ||     1
         Dart              |       |       |       |     7 |     3 |       |       |       |       ||    10
   Cast: Freeze            |    36 |       |       |       |       |       |       |       |       ||    36
         Frozen Ramparts   |    18 |    37 |    46 |    72 |    88 |     1 |       |       |       ||   262
         Ozocubu's Armour  |       |    13 |    22 |    56 |    92 |     4 |       |       |       ||   187
         Summon Ice Beast  |       |       |    21 |    61 |    77 |    18 |       |       |       ||   177
         Call Canine Famil |       |       |     5 |     9 |       |       |       |       |       ||    14
         Polar Vortex      |       |       |       |       |     2 |       |       |       |       ||     2
         Irradiate         |       |       |       |       |    61 |    76 |    33 |    71 |    32 ||   273
         Freezing Cloud    |       |       |       |       |    79 |    97 |       |       |       ||   176
         Bombard           |       |       |       |       |       |   104 |       |       |       ||   104
         Permafrost Erupti |       |       |       |       |       |   240 |   478 |   553 |   605 ||  1876
         Dispersal         |       |       |       |       |       |     1 |       |       |     1 ||     2
         Ozocubu's Refrige |       |       |       |       |       |     7 |    46 |    18 |     7 ||    78
         Blink             |       |       |       |       |       |     1 |     5 |    11 |     5 ||    22
         Spellforged Servi |       |       |       |       |       |       |       |       |     2 ||     2
 Invoke: Divine Exegesis   |       |       |       |       |     2 |       |       |       |       ||     2
         Forget Spell      |       |       |       |       |       |     5 |       |       |       ||     5
         Channel Magic     |       |       |       |       |       |    10 |    17 |    28 |    33 ||    88
  Evoke: Wand              |       |       |       |     9 |     5 |     6 |     1 |       |     3 ||    24
         Phial of floods   |       |       |       |       |       |       |       |     1 |       ||     1
    Use: Scroll            |       |       |    13 |     4 |     6 |     8 |     3 |    14 |     7 ||    55
         Potion            |       |       |       |       |     1 |       |     2 |     6 |     4 ||    13
   Stab: Sleeping          |     1 |     2 |       |     1 |     3 |       |       |       |     2 ||     9
         Distracted        |       |       |       |     1 |     6 |     2 |       |       |       ||     9
 Armour: Robe              |    10 |    19 |    69 |       |       |       |       |       |       ||    98
         Swamp dragon scal |       |       |     1 |   200 |   476 |   256 |   146 |   216 |   109 ||  1404
         Skin              |       |       |       |       |       |       |       |       |     4 ||     4
  Dodge: Dodged            |    22 |    21 |    88 |    98 |   350 |   153 |    98 |    89 |    59 ||   978
  Block: Kite shield       |       |       |     4 |   115 |   419 |   199 |    96 |   147 |    65 ||  1045

Table legend: (Time is in decaauts)
 A = Elapsed time spent in this place.
 B = Non-inter-level travel time spent in this place.
 C = Inter-level travel time spent in this place.
 D = Time resting spent in this place.
 E = Time spent auto-exploring this place.
 F = Levels seen in this place.
 G = Mean time per level.
                   A        B        C        D        E       F      G
               +--------+--------+--------+--------+--------+-----+--------+
         Total | 103470 |  97004 |   6466 |  22419 |  57667 |  52 | 1989.8 |
       Dungeon |  24953 |  22271 |   2682 |   4420 |  12859 |  15 | 1663.5 |
        Temple |     14 |      8 |      6 |      0 |      0 |   1 |   14.0 |
          Lair |   9449 |   8774 |    675 |   1073 |   5639 |   5 | 1889.8 |
        Shoals |   7725 |   7454 |    271 |   2815 |   3751 |   4 | 1931.2 |
     Snake Pit |  10040 |   9653 |    387 |   2413 |   6049 |   4 | 2510.0 |
  Orcish Mines |   2986 |   2778 |    208 |    637 |   1585 |   2 | 1493.0 |
   Elven Halls |   7232 |   7035 |    197 |   1343 |   4615 |   3 | 2410.7 |
        Vaults |  15316 |  14344 |    972 |   3243 |   8966 |   5 | 3063.2 |
        Depths |  10616 |  10024 |    592 |   1457 |   7161 |   4 | 2654.0 |
           Zot |   9917 |   9445 |    472 |   2859 |   5232 |   5 | 1983.4 |
         Trove |     80 |     80 |      0 |      0 |      6 |   1 |   80.0 |
      Ice Cave |   3227 |   3227 |      0 |   1426 |   1181 |   1 | 3227.0 |
    Desolation |   1306 |   1306 |      0 |    410 |    623 |   1 | 1306.0 |
      Gauntlet |    602 |    602 |      0 |    323 |      0 |   1 |  602.0 |
               +--------+--------+--------+--------+--------+-----+--------+

Top non-repeatable levels by time:
Vaults:2: 3657 daAuts
Vaults:5: 3615 daAuts
    D:11: 3610 daAuts
Vaults:1: 3246 daAuts
   IceCv: 3227 daAuts
  Lair:5: 3193 daAuts
Depths:2: 3176 daAuts
   Zot:5: 2920 daAuts
 Snake:3: 2859 daAuts
 Snake:1: 2760 daAuts
Depths:3: 2715 daAuts
Depths:1: 2702 daAuts
Vaults:4: 2571 daAuts
   Elf:3: 2570 daAuts
   Elf:1: 2457 daAuts
